BR
LOGAN SWANS @ FORT COLLINS COMMONERS
07/31/2027
 
TOP OF THE 1ST
Logan Swans batting - Pitching for Fort Collins Commoners : RHP Kyle Horton
Pitching: RHP Kyle Horton
Batting: RHB Nick Crosby 0-0: Ball
1-0: Ground out 2-3 (Groundball, 2R)
Batting: RHB Pete Davis 0-0: Called Strike
0-1: Ball
1-1: Foul Ball, location: 2F
1-2: Fly out, F3 (Line Drive, 34)
Batting: RHB Tony Barton 0-0: Called Strike
0-1: Ball
1-1: Ground out 4-3 (Groundball, 4M)
Top of the 1st over - 0 run(s), 0 hit(s), 0 error(s), 0 left on base; Logan 0 - Fort Collins 0
BOTTOM OF THE 1ST
Fort Collins Commoners batting - Pitching for Logan Swans : LHP Leonard Horton
Pitching: LHP Leonard Horton
Batting: RHB Tomás Rivera 0-0: Called Strike
0-1: Ball
1-1: Foul Ball, location: 2F
1-2: Ball
2-2: Strikes out swinging
Batting: RHB Carlos García 0-0: DOUBLE (Line Drive, 89D)
Batting: LHB Earl Wigfall 0-0: Swinging Strike
0-1: Foul Ball, location: 2F
0-2: Ball
1-2: SINGLE (Groundball, 6MD)
Carlos García to third
Runner from 3rd tries for Home, SAFE, no throw
Batting: SHB Darren Ramsey 0-0: Ball
1-0: SINGLE (Groundball, 34S) (infield hit)
Earl Wigfall to second
Batting: RHB Juan Castillo 0-0: Called Strike
0-1: Ball
1-1: Foul Ball, location: 2F
1-2: Ball
2-2: Ball
3-2: Strikes out swinging
Batting: RHB Xie-li Fong 0-0: Called Strike
0-1: Ball
1-1: Swinging Strike
1-2: Strikes out looking
Bottom of the 1st over - 1 run(s), 3 hit(s), 0 error(s), 2 left on base; Logan 0 - Fort Collins 1
TOP OF THE 2ND
Logan Swans batting - Pitching for Fort Collins Commoners : RHP Kyle Horton
Batting: RHB Nick Vogel 0-0: Ball
1-0: Ball
2-0: Swinging Strike
2-1: Called Strike
2-2: Foul Ball, location: 2F
2-2: Ball
3-2: Foul Ball, location: 2F
3-2: Base on Balls
Batting: LHB Roberto Herrera 0-0: Called Strike
0-1: Ball
1-1: Fly out, F8 (Flyball, 78M)
Batting: RHB Eric Patrick 0-0: Called Strike
0-1: Called Strike
0-2: Strikes out looking
Batting: LHB Merrill Erickson 0-0: Called Strike
0-1: Ball
1-1: Ball
2-1: Fly out, F9 (Flyball, 9)
Top of the 2nd over - 0 run(s), 0 hit(s), 0 error(s), 1 left on base; Logan 0 - Fort Collins 1
BOTTOM OF THE 2ND
Fort Collins Commoners batting - Pitching for Logan Swans : LHP Leonard Horton
Batting: LHB Lorenzo Vargas 0-0: Ball
1-0: SINGLE (Groundball, 34D)
Batting: RHB Gary Roberts 0-0: Ball
1-0: Ball
2-0: Called Strike
2-1: Grounds into double play, 6-4-3 (Groundball, 6)
Batting: RHB Eric Black 0-0: Ball
1-0: Fly out, F8 (Flyball, 8RM)
Bottom of the 2nd over - 0 run(s), 1 hit(s), 0 error(s), 0 left on base; Logan 0 - Fort Collins 1
TOP OF THE 3RD
Logan Swans batting - Pitching for Fort Collins Commoners : RHP Kyle Horton
Batting: RHB Eliot James 0-0: Foul Ball, location: 2F
0-1: Swinging Strike
0-2: Foul Ball, location: 2F
0-2: Ball
1-2: SINGLE (Line Drive, 7LS)
Batting: SHB Ed Dundee 0-0: Fly out, F9 (Flyball, 9S)
Batting: RHB Nick Crosby 0-0: Swinging Strike
0-1: Called Strike
0-2: Foul Ball, location: 2F
0-2: Foul Ball, location: 2F
0-2: Ball
1-2: Strikes out looking
Batting: RHB Pete Davis 0-0: SINGLE (Groundball, 56D)
Eliot James to second
Batting: RHB Tony Barton 0-0: Ball
1-0: Swinging Strike
1-1: Foul Ball, location: 2F
1-2: Foul Ball, location: 2F
1-2: Strikes out swinging
Top of the 3rd over - 0 run(s), 2 hit(s), 0 error(s), 2 left on base; Logan 0 - Fort Collins 1
BOTTOM OF THE 3RD
Fort Collins Commoners batting - Pitching for Logan Swans : LHP Leonard Horton
Batting: RHB Tomás Rivera 0-0: Ball
1-0: Ball
2-0: Called Strike
2-1: Ball
3-1: Foul Ball, location: 2F
3-2: Base on Balls
Batting: RHB Carlos García 0-0: Called Strike
0-1: Ball
1-1: Foul Ball, location: 2F
1-2: Fly out, F9 (Flyball, 89M)
Batting: LHB Earl Wigfall 0-0: Called Strike
0-1: Called Strike
0-2: Foul Ball, location: 2F
0-2: Ball
Tomás Rivera steals 2nd base
1-2: Ball
Wild Pitch!
Tomás Rivera to third
2-2: Strikes out swinging
Batting: SHB Darren Ramsey 0-0: Ball
1-0: Ball
2-0: Fly out, F7 (Flyball, 78M)
Bottom of the 3rd over - 0 run(s), 0 hit(s), 0 error(s), 1 left on base; Logan 0 - Fort Collins 1
TOP OF THE 4TH
Logan Swans batting - Pitching for Fort Collins Commoners : RHP Kyle Horton
Batting: RHB Nick Vogel 0-0: Ball
1-0: Hit by Pitch
Batting: LHB Roberto Herrera 0-0: Ball
1-0: Foul Ball, location: 2F
1-1: Swinging Strike
1-2: Foul Ball, location: 2F
1-2: Foul Ball, location: 2F
1-2: Strikes out swinging
Batting: RHB Eric Patrick 0-0: Called Strike
0-1: Ball
1-1: SINGLE (Groundball, 6MD)
Nick Vogel to second
Runner from 2nd tries for 3rd, SAFE, throw made to third
Batting: LHB Merrill Erickson 0-0: Ball
1-0: Called Strike
1-1: SINGLE (Flyball, 7S)
Nick Vogel scores
Eric Patrick to second
Batting: RHB Eliot James 0-0: Called Strike
0-1: Ball
1-1: Ball
2-1: Called Strike
2-2: SINGLE (Flyball, 9LS)
Eric Patrick to third
Merrill Erickson to second
Runner from 3rd tries for Home, SAFE, no throw
Batting: SHB Ed Dundee 0-0: Ball
1-0: Called Strike
1-1: Fly out, F7 (Flyball, 7LMF)
Batting: RHB Nick Crosby 0-0: Fly out, F9 (Flyball, 9LM)
Top of the 4th over - 2 run(s), 3 hit(s), 0 error(s), 2 left on base; Logan 2 - Fort Collins 1
BOTTOM OF THE 4TH
Fort Collins Commoners batting - Pitching for Logan Swans : LHP Leonard Horton
Batting: RHB Juan Castillo 0-0: Foul Ball, location: 2F
0-1: Ball
1-1: Foul Ball, location: 2F
1-2: Ground out 4-3 (Groundball, 6MS)
Batting: RHB Xie-li Fong 0-0: Called Strike
0-1: SINGLE (Line Drive, 8LS)
Batting: LHB Lorenzo Vargas 0-0: Ball
1-0: Foul Ball, location: 2F
1-1: Ball
2-1: Fly out, F6 (Popup, 6)
Batting: RHB Gary Roberts 0-0: Called Strike
Xie-li Fong steals 2nd base
0-1: Swinging Strike
0-2: Ball
1-2: Ground out 6-3 (Groundball, 6)
Bottom of the 4th over - 0 run(s), 1 hit(s), 0 error(s), 1 left on base; Logan 2 - Fort Collins 1
TOP OF THE 5TH
Logan Swans batting - Pitching for Fort Collins Commoners : RHP Kyle Horton
Batting: RHB Pete Davis 0-0: SINGLE (Groundball, 34D)
Batting: RHB Tony Barton 0-0: Foul Ball, location: 2F
0-1: Called Strike
0-2: Foul Ball, location: 2F
0-2: Ball
1-2: SINGLE (Groundball, 34D)
Pete Davis to second
Runner from 2nd tries for 3rd, SAFE, no throw
Batting: RHB Nick Vogel 0-0: Foul Ball, location: 2F
0-1: Called Strike
0-2: Ball
1-2: Fly out, F9 (Flyball, 9LMF)
Runner from 3rd tags up, SCORES, no throw
Batting: LHB Roberto Herrera 0-0: Ball
1-0: Ball
Tony Barton steals 2nd base
2-0: Ground out 4-3 (Groundball, 4)
Tony Barton to third
Pitching: RHP Rich Wright
Batting: RHB Eric Patrick 0-0: Ball
1-0: Called Strike
1-1: Foul Ball, location: 2F
1-2: Ball
2-2: Ground out U3 (Groundball, 3)
Top of the 5th over - 1 run(s), 2 hit(s), 0 error(s), 1 left on base; Logan 3 - Fort Collins 1
BOTTOM OF THE 5TH
Fort Collins Commoners batting - Pitching for Logan Swans : LHP Leonard Horton
Batting: RHB Eric Black 0-0: Ball
1-0: Ball
2-0: Swinging Strike
2-1: Swinging Strike
2-2: Foul Ball, location: 2F
2-2: Ball
3-2: Base on Balls
Batting: RHB Tomás Rivera 0-0: Called Strike
0-1: Fly out, F7 (Flyball, 7S)
Batting: RHB Carlos García 0-0: Called Strike
0-1: Reached on error, E7 (Flyball, 7S)
Eric Black to second
Batting: LHB Earl Wigfall 0-0: Fly out, F7 (Flyball, 7LD)
Runner from 2nd tags up, SAFE at 3rd, no throw
Batting: SHB Darren Ramsey 0-0: Called Strike
0-1: Ball
1-1: Ball
2-1: SINGLE (Groundball, 56) (infield hit)
Eric Black scores
Carlos García to second
Batting: RHB Juan Castillo 0-0: Foul Ball, location: 2F
0-1: Ball
1-1: Swinging Strike
1-2: Fielders Choice at 2nd, 6-4 (Groundball, 6)
Bottom of the 5th over - 1 run(s), 1 hit(s), 1 error(s), 1 left on base; Logan 3 - Fort Collins 2
TOP OF THE 6TH
Logan Swans batting - Pitching for Fort Collins Commoners : RHP Rich Wright
Batting: LHB Merrill Erickson 0-0: Called Strike
0-1: Swinging Strike
0-2: Ball
1-2: Foul Ball, location: 2F
1-2: Strikes out swinging
Batting: RHB Eliot James 0-0: Swinging Strike
0-1: DOUBLE (Line Drive, 89M)
Batting: SHB Ed Dundee 0-0: Called Strike
0-1: Foul Ball, location: 2F
0-2: SINGLE (Flyball, 8RS)
Eliot James to third
Runner from 3rd tries for Home, SAFE, throw made home
Ed Dundee to second
Batting: RHB Nick Crosby 0-0: Intentional Walk
Batting: RHB Pete Davis 0-0: Ball
1-0: Called Strike
1-1: SINGLE (Line Drive, 56)
Ed Dundee to third
Nick Crosby to second
Runner from 3rd tries for Home, SAFE, no throw
Pitching: RHP Oscar Murray
Batting: RHB Tony Barton 0-0: Fly out, F2 (Popup, 3S)
Batting: RHB Nick Vogel 0-0: Called Strike
0-1: Ball
1-1: Swinging Strike
1-2: Ball
2-2: Foul Ball, location: 2F
2-2: Foul Ball, location: 2F
2-2: Strikes out swinging
Top of the 6th over - 2 run(s), 3 hit(s), 0 error(s), 2 left on base; Logan 5 - Fort Collins 2
BOTTOM OF THE 6TH
Fort Collins Commoners batting - Pitching for Logan Swans : LHP Leonard Horton
Pitching: LHP Bernardo Dodson
Batting: RHB Xie-li Fong 0-0: Swinging Strike
0-1: Ball
1-1: Foul Ball, location: 2F
1-2: Ground out 5-3 (Groundball, 56)
Batting: LHB Lorenzo Vargas 0-0: Foul Ball, location: 2F
0-1: Foul Ball, location: 2F
0-2: Foul Ball, location: 2F
0-2: Foul Ball, location: 2F
0-2: Ball
1-2: Foul Ball, location: 2F
1-2: Fly out, F7 (Line Drive, 7)
Batting: RHB Gary Roberts 0-0: Foul Ball, location: 2F
0-1: Swinging Strike
0-2: Ball
1-2: Foul Ball, location: 2F
1-2: Foul Ball, location: 2F
1-2: Ball
2-2: Ground out 6-3 (Groundball, 6)
Bottom of the 6th over - 0 run(s), 0 hit(s), 0 error(s), 0 left on base; Logan 5 - Fort Collins 2
TOP OF THE 7TH
Logan Swans batting - Pitching for Fort Collins Commoners : RHP Oscar Murray
Batting: LHB Roberto Herrera 0-0: Ball
1-0: Foul Ball, location: 2F
1-1: Foul Ball, location: 2F
1-2: Foul Ball, location: 2F
1-2: Ball
2-2: Ball
3-2: Foul Ball, location: 2F
3-2: Fly out, F7 (Flyball, 7S)
Batting: RHB Eric Patrick 0-0: Swinging Strike
0-1: Bunted foul
0-2: SINGLE (Line Drive, 56)
Batting: LHB Merrill Erickson 0-0: Ball
1-0: Foul Ball, location: 2F
1-1: Ball
2-1: Foul Ball, location: 2F
2-2: Strikes out swinging
Batting: RHB Eliot James 0-0: Called Strike
Eric Patrick is caught stealing 2nd base
Top of the 7th over - 0 run(s), 1 hit(s), 0 error(s), 0 left on base; Logan 5 - Fort Collins 2
BOTTOM OF THE 7TH
Fort Collins Commoners batting - Pitching for Logan Swans : LHP Bernardo Dodson
Batting: RHB Eric Black 0-0: Ball
1-0: Called Strike
1-1: Swinging Strike
1-2: Ball
2-2: Ball
3-2: Foul Ball, location: 2F
3-2: Strikes out swinging
Batting: RHB Tomás Rivera 0-0: Called Strike
0-1: Foul Ball, location: 2F
0-2: Ball
1-2: Foul Ball, location: 2F
1-2: Foul Ball, location: 2F
1-2: Foul Ball, location: 2F
1-2: Ball
2-2: Ball
3-2: Foul Ball, location: 2F
3-2: Foul Ball, location: 2F
3-2: Base on Balls
Pitching: RHP Chico Fuzeiro
Batting: RHB Carlos García 0-0: Ball
1-0: Ground out 5-3 (Groundball, 56S)
Tomás Rivera to second
Batting: LHB Earl Wigfall 0-0: Ball
1-0: Called Strike
1-1: Ball
2-1: Fly out, F8 (Flyball, 8LM)
Bottom of the 7th over - 0 run(s), 0 hit(s), 0 error(s), 1 left on base; Logan 5 - Fort Collins 2
TOP OF THE 8TH
Logan Swans batting - Pitching for Fort Collins Commoners : RHP Oscar Murray
Batting: RHB Eliot James 0-0: Foul Ball, location: 2F
0-1: Ball
1-1: Ball
2-1: Swinging Strike
2-2: Foul Ball, location: 2F
2-2: Strikes out swinging
Batting: SHB Ed Dundee 0-0: Ball
1-0: Ball
2-0: Called Strike
2-1: Called Strike
2-2: Ball
3-2: Base on Balls
Batting: RHB Nick Crosby 0-0: Ball
Ed Dundee steals 2nd base
1-0: Intentional Walk
Batting: RHB Pete Davis 0-0: Ball
1-0: Ball
2-0: Fly out, F9 (Flyball, 9)
Batting: RHB Tony Barton 0-0: Called Strike
0-1: Ball
1-1: Fly out, F8 (Flyball, 89M)
Top of the 8th over - 0 run(s), 0 hit(s), 0 error(s), 2 left on base; Logan 5 - Fort Collins 2
BOTTOM OF THE 8TH
Fort Collins Commoners batting - Pitching for Logan Swans : RHP Chico Fuzeiro
Batting: SHB Darren Ramsey 0-0: Ball
1-0: Ball
2-0: Called Strike
2-1: SINGLE (Groundball, 4MD)
Pitching: LHP Jeremy Winston
Batting: RHB Juan Castillo 0-0: Ball
1-0: Foul Ball, location: 2F
1-1: Called Strike
1-2: Strikes out swinging
Pitching: RHP Salvador Morán
Batting: RHB Xie-li Fong 0-0: Foul Ball, location: 2F
0-1: Ball
1-1: Ball
2-1: Foul Ball, location: 2F
2-2: Foul Ball, location: 2F
2-2: Foul Ball, location: 2F
2-2: Foul Ball, location: 2F
2-2: Ball
3-2: Foul Ball, location: 2F
3-2: Foul Ball, location: 2F
3-2: Fly out, F7 (Flyball, 7S)
Pitching: LHP Homer Bryan
Batting: LHB Lorenzo Vargas 0-0: Ball
1-0: Called Strike
Pickoff Throw by Catcher to First - Error! E2
Darren Ramsey to second
1-1: Foul Ball, location: 2F
1-2: Strikes out swinging
Bottom of the 8th over - 0 run(s), 1 hit(s), 1 error(s), 1 left on base; Logan 5 - Fort Collins 2
TOP OF THE 9TH
Logan Swans batting - Pitching for Fort Collins Commoners : RHP Oscar Murray
Batting: RHB Nick Vogel 0-0: Called Strike
0-1: Swinging Strike
0-2: Strikes out swinging
Batting: LHB Roberto Herrera 0-0: Called Strike
0-1: Ball
1-1: Foul Ball, location: 2F
1-2: Foul Ball, location: 2F
1-2: Foul Ball, location: 2F
1-2: Strikes out swinging
Batting: RHB Eric Patrick 0-0: Ball
1-0: Ball
2-0: Called Strike
2-1: Ball
3-1: Called Strike
3-2: Strikes out swinging
Top of the 9th over - 0 run(s), 0 hit(s), 0 error(s), 0 left on base; Logan 5 - Fort Collins 2
BOTTOM OF THE 9TH
Fort Collins Commoners batting - Pitching for Logan Swans : LHP Homer Bryan
Pitching: LHP Juan Parrot
Batting: RHB Gary Roberts 0-0: Ball
1-0: Called Strike
1-1: Ball
2-1: Ball
3-1: Called Strike
3-2: Ground out 6-3 (Groundball, 6)
Batting: RHB Eric Black 0-0: Ball
1-0: Ball
2-0: Foul Ball, location: 2F
2-1: Foul Ball, location: 2F
2-2: Foul Ball, location: 2F
2-2: Foul Ball, location: 2F
2-2: Foul Ball, location: 2F
2-2: Ball
3-2: Base on Balls
Batting: RHB Tomás Rivera 0-0: Ball
1-0: Swinging Strike
1-1: Called Strike
1-2: SINGLE (Line Drive, 78S)
Eric Black to second
Pinch Hitting: RHB Julián Ramírez 0-0: Reached on error, E5 (Groundball, 56S)
Eric Black scores
Tomás Rivera to third
Batting: LHB Earl Wigfall 0-0: Ball
1-0: DOUBLE (Groundball, 5L)
Tomás Rivera scores
Julián Ramírez scores
Pinch Hitting: RHB Monty Crawford 0-0: Ball
1-0: Foul Ball, location: 2F
1-1: Ball
2-1: Ball
3-1: Ground out 6-3 (Groundball, 6)
Batting: RHB Juan Castillo 0-0: Called Strike
0-1: Called Strike
0-2: Foul Ball, location: 2F
0-2: Strikes out swinging
Bottom of the 9th over - 3 run(s), 2 hit(s), 1 error(s), 1 left on base; Logan 5 - Fort Collins 5
TOP OF THE 10TH
Logan Swans batting - Pitching for Fort Collins Commoners : RHP Oscar Murray
Pitching: RHP Dennis Wheeler
Now at 2B: Javier Contreras
Now at 3B: Monty Crawford
Batting: LHB Merrill Erickson 0-0: SINGLE (Line Drive, 56)
Pinch Runner at 1st Cipriano Quintero:
Pinch Hitting: RHB Randall Luna 0-0: Ball
1-0: Ball
2-0: Bunt missed!
2-1: Bunt missed!
2-2: Foul Ball, location: 2F
2-2: Foul Ball, location: 2F
2-2: SINGLE (Flyball, 9LS)
Cipriano Quintero to second
Runner from 2nd tries for 3rd, SAFE, no throw
Pinch Hitting: LHB José Diharce 0-0: Called Strike
0-1: Called Strike
0-2: Ball
1-2: Ball
2-2: Ball
Error on foul ball, E9
3-2: Strikes out swinging
Batting: RHB Nick Crosby 0-0: Ball
1-0: Fly out, F8 (Flyball, 8RM)
Runner from 3rd tags up, SCORES, no throw
Pinch Hitting: RHB David Ward 0-0: Swinging Strike
0-1: Swinging Strike
0-2: Strikes out looking
Top of the 10th over - 1 run(s), 2 hit(s), 1 error(s), 1 left on base; Logan 6 - Fort Collins 5
BOTTOM OF THE 10TH
Fort Collins Commoners batting - Pitching for Logan Swans : LHP Juan Parrot
Now at C: Joe Roberts
Now at 3B: Adrián Barrera
Now at SS: José Diharce
Now in LF: Nelson Wright
Batting: RHB Xie-li Fong 0-0: Ball
1-0: Ground out 3-1 (Groundball, 34S)
Pinch Hitting: RHB Glen French 0-0: SINGLE (Groundball, 34D)
Pinch Hitting: RHB Jorge Garza 0-0: Ball
1-0: Grounds into double play, 6-4-3 (Groundball, 6)
Bottom of the 10th over - 0 run(s), 1 hit(s), 0 error(s), 0 left on base; Logan 6 - Fort Collins 5
Thursday, March 30th, 2017 - OOTP Baseball 17.12 Build 75